 Dungeon Crawl Stone Soup version 0.22-b1-26-g9dbaab1 (webtiles) character file.

6428 goulibeur the Schismatic (level 10, -1/78 (79) HPs)
             Began as a Demonspawn Abyssal Knight on Aug 3, 2018.
             Was an Elder of Lugonu.
             Slain by Psyche
             ... wielding a +4 dagger of chaos
              (17 damage)
             ... on level 9 of the Dungeon on Aug 6, 2018.
             The game lasted 00:34:23 (9941 turns).

goulibeur the Schismatic (DsAK)                     Turns: 9941, Time: 00:34:25

HP:   -1/78 (79)    AC: 14    Str: 14    XL:     10   Next: 67%
MP:   16/19         EV:  8    Int: 13    God:    Lugonu [****..]
Gold: 393           SH:  0    Dex: 15    Spells: 9/9 levels left

rFire    + . .     SeeInvis .   u - +1 halberd (venom)
rCold    + . .     Gourm    .   (shield currently unavailable)
rNeg     . . .     Faith    .   w - +0 chain mail
rPois    .         Spirit   .   (helmet unavailable)
rElec    .         Reflect  .   C - scarf {rC+ rF+}
rCorr    .         Harm     .   m - +0 pair of gloves
MR       .....                  h - +0 pair of boots
Stlth    ..........             (no amulet)
HPRegen  0.23/turn              q - ring of stealth
MPRegen  0.16/turn              (no ring)

@: heavily drained
A: horns 3, thin metallic scales 1, nightstalker 1, powered by death 2
a: Depart the Abyss, Bend Space, Banish, Corrupt, Renounce Religion


You were on level 9 of the Dungeon.
You worshipped Lugonu.
Lugonu was greatly pleased with you.
You were hungry.

You visited 1 branch of the dungeon, and saw 9 of its levels.
You visited the Abyss 1 time.

You collected 393 gold pieces.

Inventory:

Hand Weapons
 n - a +0 long sword
 u - a +1 halberd of venom (weapon)
Armour
 h - a +0 pair of boots (worn)
 j - the +1 ring mail of Sif Muna's Supremacy {rCorr Dex+4 Slay-6 SInv}
   (You found it on level 6 of the Dungeon)

   It affects your dexterity (+4).
   It affects your accuracy and damage with ranged weapons and melee attacks
   (-6).
   It lets you see invisible.
   It provides partial protection from all sources of acid and corrosion.
 m - a +0 pair of gloves (worn)
 w - a +0 chain mail (worn)
 A - a +0 shield
 C - a scarf of resistance (worn)
Jewellery
 q - a ring of stealth (left hand)
Wands
 b - a wand of paralysis (16)
 k - a wand of disintegration (16)
 x - a wand of scattershot (7)
 B - a wand of iceblast (13)
 D - a wand of enslavement (7)
 E - a wand of flame (18)
Scrolls
 i - 3 scrolls of identify
 l - 2 scrolls of teleportation
 s - 2 scrolls of fog
 y - 3 scrolls of remove curse
Potions
 a - a potion of might {unknown}
 e - 2 potions of berserk rage
 f - 2 potions of curing
 g - 4 potions of haste
 o - 2 potions of ambrosia {unknown}
 p - a potion of agility {unknown}
 r - 2 potions of mutation {unknown}
 t - 2 potions of lignification {unknown}
 v - a potion of cancellation {unknown}
 z - a potion of magic {unknown}
Comestibles
 c - 11 rations


   Skills:
 + Level 7.3(6.0) Fighting
   Level 1.7(0.5) Short Blades
 + Level 6.5(5.1) Armour
 + Level 6.2(4.8) Dodging
 + Level 5.2(3.9) Shields
 * Level 12.4(10.8) Invocations


You had 9 spell levels left.
You didn't know any spells.
Your spell library contained the following spells:

 Spells                   Type           Power        Failure   Level  Hunger
 Confuse                  Hex            #.......     100%        3    ####...
 Throw Frost              Conj/Ice       #.....       100%        2    ###....
 Freeze                   Ice            #...         100%        1    ##.....
 Summon Ice Beast         Ice/Summ       #.......     100%        4    #####..
 Ozocubu's Armour         Chrm/Ice       #.......     100%        3    ####...
 Throw Icicle             Conj/Ice       #.......     100%        4    #####..
 Confusing Touch          Hex            #.....       100%        1    ##.....
 Metabolic Englaciation   Hex/Ice        #.........   100%        5    ######.
 Petrify                  Tmut/Erth      #.......     100%        4    #####..
 Gell's Gravitas          Tloc           #.........   100%        3    ####...
 Yara's Violent Unravell  Hex/Tmut       #.........   100%        5    ######.


Dungeon Overview and Level Annotations

Branches:
Dungeon (9/15)             Temple (0/1) D:4
   Lair: D:8-11         Orc: D:9-12

Altars:
Cheibriados
Hepliaklqana
Okawaru
Ru

Shops:
D:5 *

Annotations:
D:2 1 runed door
D:9 Psyche
Abyss:1 Erica, Sigmund


Innate Abilities, Weirdness & Mutations

You have a pair of large horns on your head.
You are partially covered in thin metallic scales. (AC +2)
You are slightly more attuned to the shadows.
You regenerate health from kills.


Message History

You closely miss the howler monkey. The howler monkey hits you.
* * * LOW HITPOINT WARNING * * *
You hear some strange, mumbled words.
The howler monkey barely misses you.
You hit the howler monkey.
The howler monkey is poisoned.
The howler monkey is lightly wounded.
The howler monkey hits you but does no damage.
You slash the howler monkey!
The howler monkey looks as sick as possible!
The howler monkey is severely wounded.
The howler monkey hits you but does no damage.
The howler monkey hoots and howls with incredible vigour!
You hear a bellow! x2
You puncture the howler monkey!
You kill the howler monkey!
Lugonu accepts your kill. Something hits you.
* * * LOW HITPOINT WARNING * * *
You are electrocuted!
You die...

## .# ####### .##########
#.....#.. .'.(.#.....
+.....'..
.###.......########..†..##
..<#)......+.##.@{.........
####.......#.##)##)#+####'#
...........+..).##.#
...........#.#####.#
##...........# #..
.............#####...
.#....##...#.....+....
)#....##...#######.....
)#..........# ######.


There were no monsters in sight!

Vanquished Creatures
  Pikel (D:4)
  A wyvern (D:8)
  Eustachio (D:4)
  5 yaks (D:7)
  Edmund (D:5)
  3 ice beasts
  An orc warrior (D:7)
  2 black bears
  A necrophage (D:6)
  3 ogres
  2 centaurs
  A crocodile (D:8)
  3 big kobolds (D:7)
  4 bullfrogs
  A wyvern zombie (D:9)
  3 scorpions
  A water moccasin skeleton (D:5)
  5 wights (D:9)
  6 howler monkeys
  2 crimson imps
  3 hounds
  12 orc wizards
  9 jellies
  A centaur skeleton (D:4)
  5 orc priests
  A gnoll shaman (D:8)
  A bullfrog skeleton (D:5)
  3 iguanas
  Natasha (thrice) (D:2)
  11 worker ants
  A worker ant zombie (D:8)
  17 gnolls
  5 adders
  5 oozes
  An adder zombie (D:8)
  5 worms
  A dart slug (D:2)
  2 leopard geckos
  19 orcs
  5 giant cockroaches
  5 goblins
  4 hobgoblins
  12 jackals
  4 quokkas
  4 ball pythons
  9 bats
  2 frilled lizards
  14 kobolds
  A leopard gecko skeleton (D:4)
  7 rats
219 creatures vanquished.

Vanquished Creatures (others)
  2 slime creatures (D:7)
  A vampire (D:7)
  An orc warrior (D:8)
  A worker ant (D:4)
  An adder (D:4)
  A frilled lizard (D:4)
  6 fungi (D:7)
  9 toadstools (D:7)
22 creatures vanquished.

Grand Total: 241 creatures vanquished

Notes
Turn   | Place    | Note
-------+----------+-------------------------------------------
     0 | Abyss:1  | goulibeur the Demonspawn Abyssal Knight began the quest for the Orb.
     0 | Abyss:1  | Reached XP level 1. HP: 18/18 MP: 2/2
   113 | Abyss:1  | Noticed a ynoxinul
   113 | Abyss:1  | Noticed a sky beast
   114 | D:1      | Escaped the Abyss
   292 | D:1      | Reached skill level 1 in Dodging
   427 | D:1      | Gained mutation: You regenerate a little health from kills. [demonic ancestry]
   427 | D:1      | Reached XP level 2. HP: 24/24 MP: 4/4
   618 | D:1      | Reached skill level 3 in Invocations
   682 | D:1      | Reached * piety under Lugonu
  1214 | D:2      | Gained mutation: You are slightly more attuned to the shadows. [demonic ancestry]
  1214 | D:2      | Reached XP level 3. HP: 29/29 MP: 5/5
  1241 | D:2      | Found an iron altar of Okawaru.
  1244 | D:2      | Noticed Natasha
  1263 | D:2      | Killed Natasha
  1697 | D:2      | Reached skill level 4 in Invocations
  1709 | D:2      | Found a runed door.
  1737 | D:2      | Gained mutation: You have a pair of small horns on your head. [demonic ancestry]
  1737 | D:2      | Reached XP level 4. HP: 35/35 MP: 7/7
  2375 | D:2      | Noticed Natasha
  2381 | D:2      | Killed Natasha
  2641 | D:2      | Noticed Natasha
  2644 | D:2      | Killed Natasha
  2644 | D:2      | Gained mutation: You are partially covered in thin metallic scales. (AC +2) [demonic ancestry]
  2644 | D:2      | Reached XP level 5. HP: 42/42 MP: 8/8
  3252 | D:3      | Reached skill level 5 in Invocations
  3372 | D:3      | Upgraded the game from 0.22-b1-21-g5cfc168 to 0.22-b1-26-g9dbaab1
  3449 | D:3      | Reached ** piety under Lugonu
  4183 | D:4      | Noticed an ogre
  4201 | D:4      | Killed an ogre
  4201 | D:4      | Reached XP level 6. HP: 31/48 MP: 10/10
  4314 | D:4      | Found a sacrificial altar of Ru.
  4340 | D:4      | Reached skill level 6 in Invocations
  4393 | D:4      | Noticed Eustachio
  4412 | D:5      | Entered Level 5 of the Dungeon
  4487 | D:4      | Killed Eustachio
  4514 | D:4      | Found a staircase to the Ecumenical Temple.
  4517 | D:4      | Gained mutation: You have a pair of horns on your head. [demonic ancestry]
  4517 | D:4      | Reached XP level 7. HP: 43/55 MP: 10/12
  4622 | D:4      | Reached skill level 7 in Invocations
  4761 | D:4      | Reached *** piety under Lugonu
  4768 | D:4      | Noticed Pikel
  4787 | D:4      | Killed Pikel
  4787 | D:4      | Reached skill level 5 in Fighting
  4787 | D:4      | Reached skill level 1 in Shields
  4787 | D:4      | Reached skill level 8 in Invocations
  4787 | D:4      | Gained mutation: You regenerate health from kills. [demonic ancestry]
  4787 | D:4      | Reached XP level 8. HP: 55/62 MP: 12/14
  5005 | D:4      | Noticed Sigmund
  5013 | D:4      | Banished Sigmund
  5547 | D:5      | Reached skill level 9 in Invocations
  5654 | D:5      | Noticed Edmund
  5671 | D:5      | Killed Edmund
  5671 | D:5      | Gained mutation: You have a pair of large horns on your head. [demonic ancestry]
  5671 | D:5      | Reached XP level 9. HP: 55/69 MP: 16/16
  5741 | D:5      | Found a snail-covered altar of Cheibriados.
  5771 | D:5      | Found an iron altar of Okawaru.
  5782 | D:5      | Found Epicleoh's Assorted Antiques.
  6029 | D:6      | Reached skill level 5 in Armour
  6136 | D:6      | Reached skill level 10 in Invocations
  6191 | D:6      | Reached **** piety under Lugonu
  6763 | D:6      | Found a hazy altar of Hepliaklqana.
  6914 | D:6      | Got a smoking ring mail
  6925 | D:6      | Identified the +1 ring mail of Sif Muna's Supremacy {rCorr Dex+4 Slay-6 SInv} (You found it on level 6 of the Dungeon)
  7164 | D:7      | Reached skill level 5 in Dodging
  7395 | D:7      | Banished a large slime creature
  7395 | D:7      | Reached skill level 11 in Invocations
  7926 | D:7      | Reached XP level 10. HP: 48/76 MP: 18/18
  9607 | D:8      | Reached skill level 12 in Invocations
  9701 | D:9      | Reached skill level 5 in Shields
  9933 | D:9      | Noticed Erica
  9934 | D:9      | Noticed Psyche
  9937 | D:9      | Banished Erica
  9941 | D:9      | Slain by Psyche

Skill      XL: |  1  2  3  4  5  6  7  8  9 10 |
---------------+-------------------------------+-----
Dodging        | 1 2 3 4 5 6 |  6.2
Invocations    | 3 4 5 6 8 9 11 12 | 12.4
Armour         | 2 3 4 5 6 |  6.5
Fighting       | 4 5 6 7 |  7.3
Shields        | 1 3 4 5 |  5.2
Short Blades   | |  1.7

Action                   |  1- 3 |  4- 6 |  7- 9 | 10-12 || total
-------------------------+-------+-------+-------+-------++-------
Melee: Short sword       |   126 |    43 |       |       ||   169
       Long sword        |       |    72 |       |       ||    72
       Headbutt          |       |    24 |    49 |    48 ||   121
       Halberd           |       |    57 |   335 |   222 ||   614
Invok: Depart the Abyss  |     1 |       |       |       ||     1
       Bend Space        |       |     2 |     2 |       ||     4
       Banish            |       |       |     5 |     2 ||     7
  Use: Scroll            |       |       |    13 |       ||    13
 Stab: Sleeping          |     1 |     3 |       |       ||     4
  Eat: Chunk             |     3 |     5 |    14 |     3 ||    25
       Ration            |       |     1 |       |     1 ||     2
Armor: Ring mail         |    54 |    92 |     7 |       ||   153
       Scale mail        |       |       |   173 |       ||   173
       Chain mail        |       |       |    58 |   168 ||   226
Dodge: Dodged            |    80 |   138 |   228 |   141 ||   587
       Rpst.: Long sword |       |    18 |       |       ||    18
